 Dungeon Crawl Stone Soup version 0.26.0-45-g9c1d065592 (webtiles) character file.

Game seed: 10042845940531900210

32 trckry the Bolt Thrower (level 3, -3/22 HPs)
             Began as a Tengu Hunter on Jan 28, 2021.
             Slain by a white imp (5 damage)
             ... on level 2 of the Dungeon.
             The game lasted 00:01:31 (1179 turns).

trckry the Bolt Thrower (Tengu Hunter)              Turns: 1179, Time: 00:01:31

Health: -3/22      AC:  3    Str: 13    XL:     3   Next: 25%
Magic:  4/4        EV: 12    Int: 11    God:
Gold:   56         SH:  0    Dex: 14    Spells: 2/2 levels left

rFire    . . .     SeeInvis .   a - +1 hand crossbow
rCold    . . .     Faith    .   (no shield)
rNeg     . . .     Spirit   .   c - +0 leather armour
rPois    .         Reflect  .   (helmet restricted)
rElec    .         Harm     .   (no cloak)
rCorr    .         Rampage  .   (no gloves)
Will     .....                  (boots unavailable)
Stlth    +.........             (no amulet)
HPRegen  0.07/turn              (no ring)
MPRegen  0.09/turn              (no ring)

@: no status effects
A: beak, talons 3
a: no special abilities


You were on level 2 of the Dungeon.
You visited 1 branch of the dungeon, and saw 2 of its levels.

You collected 56 gold pieces.

Inventory:

Hand Weapons
 a - a +1 hand crossbow (weapon)
 b - a +0 short sword
Missiles
 d - 41 bolts (quivered ammo)
Armour
 c - a +0 leather armour (worn)
Scrolls
 e - a scroll of teleportation {unknown}
 f - 2 scrolls of enchant weapon {unknown}
 h - a scroll of remove curse {unknown}
 i - a scroll of fog {unknown}
Potions
 g - a potion of brilliance {unknown}
 j - a potion of mutation {unknown}


   Skills:
 + Level 2.3 Fighting
 * Level 4.9 Crossbows
 + Level 1.1 Armour
 + Level 2.6 Dodging
 - Level 1.0 Stealth


You had 2 spell levels left.
You didn't know any spells.
Your spell library was empty.

Dungeon Overview and Level Annotations

Branches:
Dungeon (2/15)

Altars:
Ashenzari
Fedhas


Innate Abilities, Weirdness & Mutations

You have a beak for a mouth.
You have claws for feet.


Message History

You kill the goblin!
You hit the white imp. Your peck misses the white imp.
The white imp is lightly wounded.
The white imp barely misses you.
You hit the white imp. You claw the white imp.
The white imp is severely wounded.
The white imp puffs mist at you. The white imp gestures at you.
The puff of frost hits you!
* * * LOW HITPOINT WARNING * * *
a - a +1 hand crossbow (weapon)
The white imp hits you but does no damage.
Fire: 42 bolts
Press: ? - help, Q - select action Shift-Dir - straight line, f - white imp
Aim: a white imp (severely wounded, 66% to hit)
You shoot a bolt. The bolt barely misses the white imp.
The white imp hits you.
* * * LOW HITPOINT WARNING * * *
The white imp freezes you.
You die...

#...# #.# #... #.# # ##
#### ###.####### # .. ..#
#.........# # # #. #.#
#.#.#.###.### .#.##.##.##
#.#..........
..........###.#.#.###.###
.......#..........###.# #
#.....5@######.....).# #
##.##.### #.####### # #.
#.# g. #.# ... #^# ....
..# #.... ..# #.... ..#
...#


You could see a white imp.

Vanquished Creatures
  A dart slug (D:1)
  2 leopard geckos (D:2)
  A ball python (D:1)
  A giant cockroach (D:2)
  4 goblins
  3 hobgoblins
  2 jackals (D:1)
  2 kobolds (D:1)
  4 bats
  3 frilled lizards
  3 rats
26 creatures vanquished.

Notes
Turn   | Place    | Note
-------+----------+-------------------------------------------
     0 | D:1      | trckry the Tengu Hunter began the quest for the Orb.
     0 | D:1      | Reached XP level 1. HP: 12/12 MP: 2/2
   336 | D:1      | Reached XP level 2. HP: 17/17 MP: 3/3
  1011 | D:2      | Reached skill level 1 in Armour
  1014 | D:2      | Reached XP level 3. HP: 19/21 MP: 4/4
  1070 | D:2      | Found a blossoming altar of Fedhas.
  1131 | D:2      | Found a broken altar of Ashenzari.
  1179 | D:2      | HP: 2/22 [white imp (2)]
  1179 | D:2      | Slain by a white imp

Illustrated notes

Levels and vault maps discovered:
D:1:      wander_arrival_desolate, layout_basic, serial_forest,
          infiniplex_forest_lined_2, infiniplex_forest_lined_3,
          infiniplex_forest_straight_1, infiniplex_forest_lined_room_,
          infiniplex_forest_straight_4
D:2:      lemuel_upstairs_altar, layout_loops_cross, fedhas_altar_2,
          ashenzari_altar_1

Skill      XL: |  1  2 |
---------------+-------+-----
Armour         | 1 |  1.1
Fighting       | |  2.3
Crossbows      | |  4.9
Dodging        | |  2.6
Stealth        | |  1.0

Action                   || total
-------------------------++-------
Melee: Short sword       ||    59
       Kick              ||     9
       Peck              ||     5
 Fire: Hand crossbow     ||     2
 Stab: Sleeping          ||     1
Armor: Leather armour    ||    25
Dodge: Dodged            ||    45
